 Dungeon Crawl Stone Soup version 0.27-a0-1217-g8a41f320e8 (webtiles) character file.

Game seed: 2943518611046332358

75 Zonian the Conjurer (level 4, -2/30 HPs)
             Began as a Human Conjurer on June 6, 2021.
             Was a Believer of Cheibriados.
             Slain by a gnoll
             ... wielding a +0 spear
              (7 damage)
             ... on level 2 of the Dungeon.
             The game lasted 00:03:48 (2978 turns).

Zonian the Conjurer (Human Conjurer)                Turns: 2978, Time: 00:03:49

Health: -2/30      AC:  2    Str: 12    XL:     4   Next: 55%
Magic:  0/7        EV: 12    Int: 23    God:    Cheibriados [**....]
Gold:   73         SH:  0    Dex: 15    Spells: 4/7 levels left

rFire    . . .     SeeInvis .   f - +0 flail
rCold    . . .     Faith    .   (no shield)
rNeg     . . .     Spirit   .   a - +0 robe
rPois    .         Reflect  .   (no helmet)
rElec    .         Harm     .   (no cloak)
rCorr    .         Rampage  .   (no gloves)
Will     .....                  (no boots)
Stlth    ++........             (no amulet)
HPRegen  0.10/turn              (no ring)
MPRegen  0.10/turn              (no ring)

@: brilliant, very slow
A: no striking features
a: Renounce Religion, Bend Time


You were on level 2 of the Dungeon.
You worshipped Cheibriados.
Cheibriados was pleased with you.
You visited 1 branch of the dungeon, and saw 2 of its levels.

You collected 73 gold pieces.

Inventory:

Hand Weapons
 f - a +0 flail (weapon)
Missiles
 e - 10 poisoned darts
Armour
 a - a +0 robe (worn)
Scrolls
 d - a scroll of amnesia {unknown}
 g - a scroll of blinking {unknown}
 h - a scroll of identify {unknown}
 i - a scroll of enchant weapon {unknown}


   Skills:
 + Level 0.7 Maces & Flails
 + Level 2.3 Dodging
 + Level 2.2 Stealth
 + Level 2.4 Spellcasting
 + Level 5.0 Conjurations


You had 4 spell levels left.
You knew the following spells:

 Your Spells              Type           Power      Damage    Failure   Level
a - Magic Dart            Conj           100%       1d8       1%          1
b - Searing Ray           Conj           78%        3d6       2%          2

Your spell library contained the following spells:

 Spells                   Type           Power      Damage    Failure   Level
 Dazzling Flash           Conj/Hex       42%        N/A       13%         3
 Fulminant Prism          Conj/Hex       10%        3d9       41%         4
 Iskenderun's Mystic Bla  Conj/Tloc      21%        2d6       41%         4


Dungeon Overview and Level Annotations

Branches:
Dungeon (2/15)

Altars:
Cheibriados

Shops:
D:1 *


Message History

Unknown command.
You aren't carrying any items that you can evoke.
Unknown command.
The gnoll hits you from afar with a +0 spear.
Casting: Searing Ray (safe; 2% risk of failure)
Confirm with . or Enter, or press ? or * to list all spells.
Okay, then.
It was a potion of brilliance.
You feel clever all of a sudden.
The gnoll hits you from afar with a +0 spear.
Casting: Searing Ray (safe; 2% risk of failure)
Confirm with . or Enter, or press ? or * to list all spells.
Aiming: Magic Dart (safe; 1% risk of failure)
Press: ? - help, Shift-Dir - straight line, f - gnoll
Aim: a gnoll, wielding a +0 spear (100% to hit)
You feel a surge of power!
The magic dart hits the gnoll.
The gnoll is heavily wounded.
The gnoll closely misses you.
Unknown command.
The gnoll hits you with a +0 spear!
* * * LOW HITPOINT WARNING * * *
You hit the gnoll but do no damage.
The gnoll is heavily wounded.
The gnoll hits you with a +0 spear.
* * * LOW HITPOINT WARNING * * *
You closely miss the gnoll.
The gnoll is heavily wounded.
The gnoll hits you with a +0 spear.
* * * LOW HITPOINT WARNING * * *
The gnoll hits you with a +0 spear.
* * * LOW HITPOINT WARNING * * *
You aren't carrying any potions.
Unknown command.
Okay, then.
You aren't carrying any potions.
Unknown command.
As you read the scroll labelled EMAETE PUVOM, it crumbles to dust.
The creatures around you are filled with an inner flame!
It was a scroll of immolation.
The gnoll hits you with a +0 spear!
You die...

#>..........†............+..
#.#.........#####........###
#...###........###########
###.###........#
#............# ##
#####........# ...
#.######## . .##
#.########....
#....@g.).....
#########..... ... .


You could see a gnoll (inner flame).

Vanquished Creatures
  An adder (D:2)
  2 gnolls
  A dart slug (D:1)
  6 ball pythons (D:1)
  A bat (D:1)
  5 endoplasms
  A giant cockroach (D:1)
  5 goblins
  6 hobgoblins
  5 jackals (D:1)
  A quokka (D:1)
  2 kobolds (D:1)
  4 rats
40 creatures vanquished.

Notes
Turn   | Place    | Note
-------+----------+-------------------------------------------
     0 | D:1      | Zonian the Human Conjurer began the quest for the Orb.
     0 | D:1      | Reached XP level 1. HP: 13/13 MP: 3/3
    32 | D:1      | Found a faded altar of an unknown god.
   306 | D:1      | Reached XP level 2. HP: 19/19 MP: 0/5
   487 | D:1      | Learned a level 2 spell: Searing Ray
   549 | D:1      | Became a worshipper of Cheibriados the Contemplative
   549 | D:1      | Reached * piety under Cheibriados
   818 | D:1      | Found Hampyn's General Store.
   902 | D:1      | Reached XP level 3. HP: 24/24 MP: 2/6
  1883 | D:1      | Reached ** piety under Cheibriados
  2159 | D:1      | Reached XP level 4. HP: 14/30 MP: 3/7
  2789 | D:2      | Reached skill level 5 in Conjurations
  2978 | D:2      | Slain by a gnoll

Illustrated notes

Levels and vault maps discovered:
D:1:      ebering_hopf_link, layout_basic, serial_shops, shop_statue,
          ebering_ecumenical_altar_petrified, st_stairs_7,
          minmay_tree_intersection, minmay_fountain_box,
          minmay_misc_feat_plants, minmay_misc_feat_alley, supply_closet_lemuel,
          minmay_distorted
D:2:      layout_basic, amcnicky_mini_pool_small, uniq_terence, uniq_robin

Skill      XL: |  1  2  3  4 |
---------------+-------------+-----
Conjurations   | 5 |  5.0
Maces & Flails | |  0.7
Dodging        | |  2.3
Stealth        | |  2.2
Spellcasting   | |  2.4

Action                   |  1- 3 |  4- 6 || total
-------------------------+-------+-------++-------
Melee: Flail             |     9 |     2 ||    11
 Cast: Magic Dart        |    51 |    15 ||    66
       Searing Ray       |     1 |     1 ||     2
  Use: Scroll            |       |     1 ||     1
       Potion            |       |     1 ||     1
Armor: Robe              |     1 |       ||     1
Dodge: Dodged            |    10 |     3 ||    13

Table legend: (Time is in decaauts)
 A = Elapsed time spent in this place.
 B = Non-inter-level travel time spent in this place.
 C = Inter-level travel time spent in this place.
 D = Time resting spent in this place.
 E = Time spent auto-exploring this place.
 F = Levels seen in this place.
 G = Mean time per level.
                   A        B        C        D        E       F      G
               +--------+--------+--------+--------+--------+-----+--------+
         Total |   3281 |   3207 |     74 |   1951 |    976 |   2 | 1640.5 |
       Dungeon |   3281 |   3207 |     74 |   1951 |    976 |   2 | 1640.5 |
               +--------+--------+--------+--------+--------+-----+--------+

Top non-repeatable levels by time:
     D:1: 2793 daAuts
     D:2: 487 daAuts
